 Dungeon Crawl Stone Soup version 0.29-a0-1047-g7c58e119a4 (webtiles) character file.

Game seed: 4326294428739252924

149 purpskrrrp the Chopper (level 5, -7/47 HPs)
             Began as a Minotaur Chaos Knight on Aug 17, 2022.
             Was a Plaything of Xom.
             Splashed by a jelly's acid (9 damage)
             ... on level 3 of the Dungeon.
             The game lasted 00:07:20 (2365 turns).

purpskrrrp the Chopper (Minotaur Chaos Knight)      Turns: 2365, Time: 00:07:21

Health: -7/47      AC:  0    Str: 18    XL:     5   Next: 9%
Magic:  4/4        EV: 10    Int:  9    God:    Xom [....*.]
Gold:   107        SH:  0    Dex: 10    Spells: 4/4 levels left

rFire   . . .      SeeInvis .   a - +1 hand axe (chaos)
rCold   . . .      Faith    .   (no shield)
rNeg    . . .      Spirit   .   e - +0 scale mail
rPois   .          Reflect  .   (helmet restricted)
rElec   .          Harm     .   (no cloak)
rCorr   .          Rampage  .   h - +0 pair of gloves
Will    .....                   (no boots)
Stlth   ..........              (no amulet)
HPRegen 0.15/turn               (no ring)
MPRegen 0.09/turn               (no ring)

@: corroded
A: horns 2, retaliatory headbutt
a: Renounce Religion


You were on level 3 of the Dungeon.
You worshipped Xom.
You were a beloved toy of Xom.
You visited 1 branch of the dungeon, and saw 3 of its levels.

You collected 107 gold pieces.

Inventory:

Hand Weapons
 a - a +1 hand axe of chaos (weapon)
 g - a +1 vorpal flail
 n - a +0 war axe
Armour
 b - a +2 leather armour
 e - a +0 scale mail (worn)
 h - a +0 pair of gloves (worn)
Scrolls
 d - a scroll of torment
 f - a scroll of amnesia
 k - 2 scrolls of fog
Potions
 i - a potion of degeneration
 j - 4 potions of curing
 l - a potion of haste {unknown}
 m - a potion of magic
 q - a potion of invisibility
Miscellaneous
 c - a piece from Xom's chessboard (15/15) (quivered)
 p - a phial of floods


   Skills:
 + Level 4.5 Fighting
 * Level 4.8 Axes
 + Level 3.5 Armour
 + Level 2.4 Dodging
 + Level 1.6 Unarmed Combat


You had 4 spell levels left.
You didn't know any spells.
Your spell library contained the following spells:

 Spells                   Type           Power      Damage    Failure   Level
 Sandblast                Erth           0%         2d4       77%         1
 Passwall                 Tmut/Erth      0%         N/A       88%         2
 Stone Arrow              Conj/Erth      0%         3d7       98%         3


Dungeon Overview and Level Annotations

Branches:
Dungeon (3/15)

Altars:


Innate Abilities, Weirdness & Mutations

You have a pair of horns on your head.
You reflexively headbutt those who attack you in melee.


Message History

There is a stone staircase leading up here.
Found 3 stones.
The jelly hits you.
You are splashed with acid!
You hit the jelly. You freeze the jelly. The acid corrodes you!
Your hands burn!
The jelly is moderately wounded.
An orc comes into view. It is wielding a +0 club.
The jelly hits you but does no damage.
You hit the jelly but do no damage.
The jelly flickers and vanishes!
Deactivating autopickup; reactivate with Ctrl-A.
Your hands burn!
You closely miss the adder. You hit the endoplasm.
The endoplasm is poisoned.
The adder barely misses you. The adder bites you. Something hits you.
You are splashed with acid!
The endoplasm hits you but does no damage.
An orc comes into view. It is wielding a +0 club.
You miss the adder. You hit the endoplasm but do no damage.
You barely miss something. The adder bites you.
Something hits you but does no damage. The endoplasm hits you.
You barely miss the adder. You completely miss the endoplasm.
You hit something but do no damage.
Your hands burn!
* * * LOW HITPOINT WARNING * * *
You kill the endoplasm!
The adder closely misses you. Something hits you but does no damage.
The adder closely misses you.
You slash the adder! You freeze the adder.
The adder is severely wounded.
You hit something but do no damage.
Your hands burn!
* * * LOW HITPOINT WARNING * * *
The adder closely misses you. Something hits you but does no damage.
You barely miss the adder. Your headbutt misses the adder.
The adder is severely wounded.
You hit the orc. You hit something.
Nothing appears to happen.
The acid corrodes you!
Your hands burn!
* * * LOW HITPOINT WARNING * * *
The adder bites you.
* * * LOW HITPOINT WARNING * * *
Something hits you.
* * * LOW HITPOINT WARNING * * *
You are splashed with acid!
You die...
Xom bursts into laughter!

.? .. ##
.##.## #(
.#..###.
....#. #....#
#
#.#.##.o..##.#
#.....{So....#
#@<.# #...#
#...# #...#
#...# ...[.
......
........


You could see an adder and 2 orcs.

Vanquished Creatures
  A killer bee (D:1)
  Robin (D:2)
  2 adders (D:2)
  2 dart slugs
  4 orcs (D:2)
  5 bats
  An endoplasm (D:3)
  4 giant cockroaches
  9 goblins
  8 hobgoblins
  5 jackals
  7 kobolds
  2 quokkas
  7 ball pythons
  2 frilled lizards
  5 rats
65 creatures vanquished.

Notes
Turn   | Place    | Note
-------+----------+-------------------------------------------
     0 | D:1      | purpskrrrp the Minotaur Chaos Knight began the quest for
                  | the Orb.
     0 | D:1      | Reached XP level 1. HP: 19/19 MP: 0/0
   230 | D:1      | Reached XP level 2. HP: 27/27 MP: 1/1
   289 | D:1      | XOM: noise
   351 | D:1      | XOM: silly message
   466 | D:1      | XOM: 2-stop teleportation journey
   664 | D:1      | XOM: 4-stop teleportation journey
   729 | D:1      | Found a faded altar of an unknown god.
   745 | D:1      | Noticed a killer bee
   745 | D:1      | a bat changed into a killer bee
   750 | D:1      | Killed a killer bee
   751 | D:1      | Reached skill level 1 in Unarmed Combat
   751 | D:1      | Reached XP level 3. HP: 15/33 MP: 2/2
  1059 | D:1      | XOM: 1-stop teleportation journey
  1065 | D:1      | XOM: cloud trail
  1113 | D:1      | XOM: god gift: inky potion {god gift}
  1176 | D:1      | XOM: smoke on damage
  1251 | D:1      | Reached XP level 4. HP: 40/40 MP: 3/3
  1567 | D:1      | XOM: cloud trail
  1724 | D:2      | Noticed Robin
  1738 | D:2      | Killed Robin
  1951 | D:2      | XOM: divination: detect items
  1958 | D:2      | XOM: noise
  1961 | D:2      | XOM: god gift: 31 gold pieces
  2033 | D:2      | XOM: god gift: phial of floods
  2092 | D:2      | XOM: cloud trail
  2155 | D:2      | Reached XP level 5. HP: 47/47 MP: 4/4
  2358 | D:3      | XOM: noise
  2365 | D:3      | HP: 2/47 [something (3)]
  2365 | D:3      | Splashed by a jelly's acid

Illustrated notes

Levels and vault maps discovered:
D:1:      lightli_arrival_lavapool, layout_basic,
          nicolae_ecumenical_snake_handling, roderic_lattice_a,
          minmay_misc_feat_more_columns
D:2:      layout_rooms, chequers_mini_garden, minmay_worlds_worst_comb,
          uniq_robin
D:3:      layout_loops_cross

Skill      XL: |  1  2 |
---------------+-------+-----
Axes           | 4 |  4.8
Fighting       | 4 |  4.5
Armour         | 3 |  3.5
Dodging        | 2 |  2.4
Unarmed Combat | 1 |  1.6

Action                   |  1- 3 |  4- 6 || total
-------------------------+-------+-------++-------
Melee: Hand axe          |    56 |    59 ||   115
       Headbutt          |     1 |    13 ||    14
Evoke: Piece from Xom's  |       |     1 ||     1
  Use: Scroll            |       |    10 ||    10
       Potion            |       |     1 ||     1
 Stab: Invisible         |       |     3 ||     3
Armor: Scale mail        |    18 |    30 ||    48
       Leather armour    |     1 |       ||     1
Dodge: Dodged            |    38 |    31 ||    69

Table legend: (Time is in decaauts)
 A = Elapsed time spent in this place.
 B = Non-inter-level travel time spent in this place.
 C = Inter-level travel time spent in this place.
 D = Time resting spent in this place.
 E = Time spent auto-exploring this place.
 F = Levels seen in this place.
 G = Mean time per level.
                   A        B        C        D        E       F      G
               +--------+--------+--------+--------+--------+-----+--------+
         Total |   2374 |   2279 |     95 |    404 |   1411 |   3 |  791.3 |
       Dungeon |   2374 |   2279 |     95 |    404 |   1411 |   3 |  791.3 |
               +--------+--------+--------+--------+--------+-----+--------+

Top non-repeatable levels by time:
     D:1: 1675 daAuts
     D:2: 691 daAuts
     D:3: 7 daAuts
